 Dungeon Crawl Stone Soup version 0.30.0 (webtiles) character file.

Game seed: 2030613825827297157

28576 Argasoth the Brawler (level 13, -9/122 HPs)
             Began as a Troll Berserker on June 28, 2023.
             Was a High Priest of Trog.
             Mangled by a culicivora (16 damage)
             ... on level 1 of the Spider Nest on June 29, 2023.
             The game lasted 00:41:52 (11464 turns).

Argasoth the Brawler (Troll Berserker)             Turns: 11464, Time: 00:41:54

Health: -9/122     AC: 12    Str: 32    XL:     13   Next: 10%
Magic:  12/12      EV: 11    Int:  3    God:    Trog [*****.]
Gold:   913        SH:  0    Dex:  9    Spells: 12/12 levels left

rFire   . .          .
                       - Unarmed
rCold   . . .        (no shield)
rNeg    + . .        D - +0 acid dragon scales
rPois   .            (helmet restricted)
rElec   .            g - +2 cloak
rCorr   +            (gloves unavailable)
SInv    .            (boots unavailable)
Will    .....        R - amulet of regeneration
Stlth   +            C - ring of positive energy
HPRegen 2.00/turn    (no ring)
MPRegen 0.13/turn

%: no passive effects
@: lethally poisoned (-9 -> -9)
A: large, unfitting armour, claws 3, regeneration 1, shaggy fur 1, tough skin 1
a: Renounce Religion, Berserk, Trog's Hand, Brothers in Arms


You were on level 1 of the Spider Nest.
You worshipped Trog.
Trog was extremely pleased with you.
You visited 3 branches of the dungeon, and saw 15 of its levels.

You collected 913 gold pieces.

Inventory:

Missiles
 n - 5 throwing nets (quivered)
Armour
 g - a +2 cloak (worn)
 D - +0 acid dragon scales (worn)
Jewellery
 q - the Hermit's Pendant {Faith Invo=14 Evo=0 MP+5}
   (You found it on level 3 of the Dungeon)

   [amulet of faith]

   Invo=14: It sets your Invocations skill to 14.
   Evo=0: It sets your Evocations skill to 0.
   It allows you to gain divine favour quickly.
   MP:        It affects your magic capacity (+5).
 C - a ring of positive energy (left claw)
 H - an amulet of guardian spirit
 L - a ring of protection from cold
 R - an amulet of regeneration (around neck)
 S - a +6 ring of dexterity
Wands
 d - a wand of mindburst (26)
 w - a wand of paralysis (25)
 x - a wand of light (5)
 I - a wand of polymorph (12)
 P - a wand of flame (11)
 U - a wand of roots (8)
Scrolls
 a - 2 scrolls of vulnerability {unknown}
 b - 8 scrolls of fog
 f - 2 scrolls of acquirement {unknown}
 i - 6 scrolls of teleportation
 k - 7 scrolls of enchant armour
 l - 4 scrolls of enchant weapon {unknown}
 r - 2 scrolls of brand weapon {unknown}
 s - 8 scrolls of blinking
 t - 2 scrolls of fear {unknown}
 y - 3 scrolls of magic mapping {unknown}
 B - 2 scrolls of noise {unknown}
 J - 3 scrolls of amnesia {unknown}
 M - 2 scrolls of immolation {unknown}
 Q - 3 scrolls of identify
Potions
 c - a potion of brilliance {unknown}
 e - 3 potions of degeneration
 h - 2 potions of might
 j - 3 potions of lignification
 m - 3 potions of haste
 o - 3 potions of attraction {unknown}
 p - 6 potions of heal wounds
 u - 2 potions of mutation
 v - 3 potions of ambrosia
 z - a potion of magic {unknown}
 A - 2 potions of cancellation {unknown}
 E - 2 potions of berserk rage {unknown}
 F - 4 potions of flight {unknown}
 G - a potion of resistance {unknown}
 T - a potion of invisibility {unknown}
Miscellaneous
 K - a piece from Xom's chessboard (15/15)
 N - a phantom mirror
 O - a box of beasts


   Skills:
 + Level 6.3 Fighting
 + Level 6.0 Armour
 + Level 8.3 Dodging
 + Level 2.6 Stealth
 + Level 17.2 Unarmed Combat


You had 12 spell levels left.
You didn't know any spells.
Your spell library was empty.

Dungeon Overview and Level Annotations

Branches:
Dungeon (11/15)            Temple (0/1) D:7            Lair (3/5) D:11
 Shoals (0/4) Lair:2       Spider (1/4) Lair:3
    Orc: D:9-12

Altars:
Ashenzari
Elyvilon
Fedhas
Nemelex Xobeh
Okawaru
Qazlal
Trog
Vehumet

Shops:
D:2 (   D:6 [   D:11 (

Portals:
Trove: D:10 (show abyssal rune of Zot)

Annotations:
D:9 2 transporters, comradetweed's ghost, novice DsAr
D:10 exclusion: statue


Innate Abilities, Weirdness & Mutations

You are too large for most types of armour.
You have claws for hands.
Your natural rate of healing is unusually fast.
You are covered in fur. (AC +1)
You have tough skin. (AC +1)


Message History

A freezing mist starts to gather...
A jumping spider simulacrum comes into view.
You feel very sick.
You barely miss the redback.
You feel very sick.
You scratch the redback.
The redback is lightly wounded.
You feel very sick. The redback barely misses you.
The redback's wounds heal themselves!
You barely miss the wolf spider.
You feel very sick.
You mangle the wolf spider!!
The wolf spider is severely wounded.
You feel sick. The culicivora bites you.
* * * LOW HITPOINT WARNING * * *
The redback closely misses you.
The wolf spider hits you but does no damage.
The wolf spider bites you.
* * * LOW HITPOINT WARNING * * *
As you read the scroll of identify, it crumbles to dust.
k - 7 scrolls of enchant armour You feel very sick.
The wolf spider is healed somewhat.
The redback barely misses you.
The wolf spider hits you but does no damage.
The wolf spider closely misses you. The culicivora bites you!
* * * LOW HITPOINT WARNING * * *
The culicivora draws strength from your injuries!
The redback attacks as you move away! The redback closely misses you.
The wolf spider attacks as you move away!
The wolf spider hits you.
* * * LOW HITPOINT WARNING * * *
The wolf spider bites you but does no damage.
You feel very sick.
The jumping spider leaps!
The redback bites you but does no damage.
The wolf spider barely misses you.
The wolf spider bites you but does no damage.
There is a crawl-hole back to the Lair here.
You feel sick. The culicivora bites you!
You die...

########
.......##
.......###
.......#.#
#.s@.# ###.ss.#
##.#sZ..#
#..s....#
#..............
...##...........
. #.#..........
..###...#....
... .........


You could see 2 wolf spiders, a culicivora, 2 redbacks and a jumping spider
simulacrum.

Vanquished Creatures
  Harold (D:10)
  A boulder beetle (Lair:3)
  Urug (Lair:2)
  A pharaoh ant (Spider:1)
  Pikel (D:7)
  An ugly thing (D:11)
  4 elephants (Lair:3)
  3 cyclopes (D:11)
  2 black mambas
  7 cane toads
  5 rime drakes
  A kobold demonologist (D:10)
  7 komodo dragons
  3 trolls
  Prince Ribbit (D:8)
  A snapping turtle (Lair:2)
  A jumping spider (Spider:1)
  A wyvern (D:9)
  A vampire (D:9)
  A wraith (D:10)
  Grum (D:8)
  3 basilisks
  43 yaks
  3 steam dragons (D:9)
  3 vampire mosquitoes (D:11)
  An acid dragon (D:6)
  11 water moccasins
  2 sky beasts
  3 orc warriors
  3 ice beasts
  2 ogres
  3 black bears
  14 wolves
  7 centaurs
  A phantom (D:5)
  4 kobold brigands
  6 bullfrogs
  A gnoll sergeant (D:11)
  3 scorpions
  7 wights
  22 killer bees
  An electric eel (D:11)
  4 howler monkeys
  8 hounds
  2 gnoll boudas
  6 orc priests
  A jelly (D:5)
  Ijyb (D:5)
  4 iguanas
  7 orc wizards
  A mummy (D:4)
  25 gnolls
  8 adders
  A shadow imp (D:7)
  2 white imps (D:6)
  2 ufetubi
  12 worms
  5 dart slugs
  32 orcs
  4 ball pythons
  5 endoplasms
  4 giant cockroaches
  5 goblins
  5 hobgoblins
  4 jackals (D:4)
  2 quokkas
  4 bats
  6 frilled lizards
  A hobgoblin zombie (D:4)
  25 kobolds
  2 kobold zombies (D:4)
  An orc zombie (D:4)
  13 rats
390 creatures vanquished.

Vanquished Creatures (others)
  A fungus (Lair:3)
  5 plants
6 creatures vanquished.

Grand Total: 396 creatures vanquished

Notes
Turn   | Place    | Note
-------+----------+-------------------------------------------
     0 | D:1      | Argasoth the Troll Berserker began the quest for the Orb.
     0 | D:1      | Reached XP level 1. HP: 22/22 MP: 0/0
   127 | D:1      | Reached XP level 2. HP: 25/29 MP: 1/1
   232 | D:1      | You fall into a shaft and drop 1 floor!
   352 | D:2      | Reached XP level 3. HP: 34/36 MP: 2/2
   415 | D:2      | Found Tulubitabbi's Antique Weapon Boutique.
   466 | D:2      | Reached ** piety under Trog
  1153 | D:3      | Found the Hermit's Pendant {Faith Invo=14 Evo=0 MP+5}
  1333 | D:3      | Reached XP level 4. HP: 44/44 MP: 12/12
  1392 | D:3      | Found a faded altar of an unknown god.
  1397 | D:3      | Reached skill level 4 in Unarmed Combat
  1569 | D:3      | Found a sparkling altar of Nemelex Xobeh.
  1572 | D:3      | Reached *** piety under Trog
  1725 | D:4      | Noticed a bullfrog
  1733 | D:4      | Killed a bullfrog
  1734 | D:4      | Reached XP level 5. HP: 42/52 MP: 13/13
  1816 | D:4      | Found a stormy altar of Qazlal.
  1858 | D:4      | Reached skill level 5 in Unarmed Combat
  1867 | D:4      | Found a broken altar of Ashenzari.
  1905 | D:4      | Reached skill level 1 in Stealth
  1912 | D:4      | Reached XP level 6. HP: 32/61 MP: 15/15
  2181 | D:4      | Reached skill level 6 in Unarmed Combat
  2192 | D:4      | Reached **** piety under Trog
  2199 | D:4      | Reached XP level 7. HP: 13/67 MP: 16/16
  2352 | D:5      | Entered Level 5 of the Dungeon
  2470 | D:5      | Reached skill level 7 in Unarmed Combat
  2657 | D:5      | Noticed Ijyb
  2665 | D:5      | Killed Ijyb
  2739 | D:5      | Reached XP level 8. HP: 70/75 MP: 17/17
  2888 | D:6      | Reached skill level 8 in Unarmed Combat
  3019 | D:6      | Found Uniuxut's Antique Armour Shop.
  3105 | D:6      | Reached skill level 9 in Unarmed Combat
  3110 | D:6      | Reached skill level 5 in Dodging
  3122 | D:6      | Reached ***** piety under Trog
  3236 | D:6      | Reached XP level 9. HP: 84/84 MP: 18/18
  3543 | D:6      | Found a blossoming altar of Fedhas.
  3833 | D:7      | Reached skill level 10 in Unarmed Combat
  3953 | D:7      | Received a gift from Trog
  3961 | D:7      | Reached skill level 1 in Armour
  4053 | D:7      | Found a staircase to the Ecumenical Temple.
  4104 | D:7      | Noticed Pikel
  4124 | D:7      | Killed Pikel
  4125 | D:7      | Reached skill level 11 in Unarmed Combat
  4281 | D:8      | Noticed Prince Ribbit
  4294 | D:8      | Killed Prince Ribbit
  4389 | D:8      | Reached XP level 10. HP: 72/94 MP: 19/19
  4449 | D:8      | Found a white marble altar of Elyvilon.
  4924 | D:8      | Noticed Grum
  4928 | D:8      | Killed Grum
  4929 | D:8      | Reached skill level 12 in Unarmed Combat
  5061 | D:8      | Received a gift from Trog
  5387 | D:9      | Found an iron altar of Okawaru.
  5638 | D:9      | Found a transporter.
  5638 | D:9      | Found a transporter.
  5638 | D:9      | Noticed comradetweed's ghost (novice DsAr)
  5721 | D:9      | Reached skill level 5 in Fighting
  5830 | D:9      | Reached skill level 13 in Unarmed Combat
  5872 | D:9      | Noticed a moth of wrath
  5875 | D:9      | Found a bloodstained altar of Trog.
  6177 | D:10     | Entered Level 10 of the Dungeon
  6337 | D:10     | Reached XP level 11. HP: 104/104 MP: 10/10
  6377 | D:10     | Found a portal to a secret trove of treasure.
  6529 | D:10     | Found a radiant altar of Vehumet.
  6544 | D:10     | Noticed Harold
  6564 | D:10     | Killed Harold
  7183 | D:11     | Noticed a red ugly thing
  7191 | D:11     | Killed a red ugly thing
  7354 | D:11     | Found Yniethru's Weapon Shop.
  7549 | D:11     | Reached skill level 14 in Unarmed Combat
  7577 | D:11     | Found a staircase to the Lair.
  8098 | Lair:1   | Entered Level 1 of the Lair of Beasts
  8140 | Lair:1   | Reached skill level 5 in Armour
  8355 | Lair:1   | Reached skill level 15 in Unarmed Combat
  8364 | Lair:1   | Reached XP level 12. HP: 97/113 MP: 11/11
  8467 | Lair:1   | Found a frozen archway.
  9306 | Lair:2   | Noticed Urug
  9350 | Lair:2   | Killed Urug
  9883 | Lair:2   | Reached skill level 16 in Unarmed Combat
 10131 | Lair:2   | Found a staircase to the Shoals.
 10250 | Lair:2   | Received a gift from Trog
 10452 | Lair:3   | Noticed a boulder beetle
 10466 | Lair:3   | Killed a boulder beetle
 10820 | Lair:3   | Reached skill level 17 in Unarmed Combat
 10823 | Lair:3   | Reached XP level 13. HP: 115/120 MP: 12/12
 10927 | Lair:3   | Found a hole to the Spider Nest.
 11445 | Spider:1 | Entered Level 1 of the Spider Nest
 11464 | Spider:1 | Mangled by a culicivora

Illustrated notes

Levels and vault maps discovered:
D:1:      lemuel_arrival_room, layout_basic, serial_forest,
          infiniplex_forest_clump_medium, infiniplex_forest_straight_2,
          infiniplex_forest_clump_curved, infiniplex_forest_clump_curved,
          infiniplex_forest_clump_small, infiniplex_forest_clump_double,
          infiniplex_forest_lined_room_3
D:2:      layout_basic, serial_shops, shop
D:3:      layout_basic, mainiacjoe_overflow_alcove_4,
          hellmonk_ecumenical_altar_slurped_away
D:4:      layout_cave_pools, nicolae_ashenzari_panopticon,
          mainiacjoe_overflow_six_doors_small, minmay_mini_ossuary
D:5:      layout_rooms, chequers_serial_rivers_large_a, uniq_ijyb
D:6:      layout_loops_ring, lemuel_round_altar, kennysheep_windowed_goal
D:7:      layout_rooms, minmay_temple_entry_trees, kennysheep_decorative_pillar,
          grunt_ministairs_11, uniq_pikel
D:8:      layout_basic, lemuel_crystal_altar, corexii_leaking_fountain,
          serial_bayou_pond_b, uniq_grum, uniq_prince_ribbit1
D:9:      layout_roguey, tgw_trog, okawaru_metal_pillars_3, gammafunk_ghost_hive
D:10:     layout_roguey, vehumet_statue, enter_trove_1, uniq_harold
D:11:     layout_basic, erik_lair_island, serial_shops,
          nicolae_shop_rolling_square
Lair:1:   layout_cave_pods, portal_ice_cave_rime, serial_bayou_shore_b
Lair:2:   layout_gridlike, minmay_shoals_entry_hut, grunt_megastairs_1,
          uniq_urug
Lair:3:   layout_regular_city, nicolae_spider_entry_non_spiders, minivault_19,
          beast_lair_carwin_6
Spider:1: layout_spider_delve, hellmonk_watch_for_rolling_rocks

Skill      XL: |  1  2  3  4  5  6  7  8  9 10 11 12 13 |
---------------+----------------------------------------+-----
Unarmed Combat | 4 5 6 7 9 11 13 15 17 | 17.2
Dodging        | 3 4 5 6 7 8 |  8.3
Stealth        | 1 2 |  2.6
Fighting       | 3 4 5 6 |  6.3
Armour         | 2 4 5 6 |  6.0

Action                     |  1- 3 |  4- 6 |  7- 9 | 10-12 | 13-15 || total
---------------------------+-------+-------+-------+-------+-------++-------
  Melee: Unarmed           |   119 |   117 |   284 |   715 |    42 ||  1277
         Punch             |     2 |     3 |    10 |    66 |     7 ||    88
    Use: Scroll            |       |     2 |     5 |     3 |     1 ||    11
         Potion            |       |     1 |     3 |     2 |       ||     6
   Stab: Sleeping          |     4 |       |     1 |       |       ||     5
         Distracted        |       |     1 |       |       |       ||     1
 Armour: Animal skin       |    41 |    59 |    44 |       |       ||   144
         Steam dragon scal |       |       |    24 |       |       ||    24
         Acid dragon scale |       |       |    62 |   277 |    18 ||   357
  Dodge: Dodged            |    69 |    79 |   138 |   347 |    29 ||   662
